 Dungeon Crawl Stone Soup version 0.22.0-2-ge58baed0e8 (console) character file.

2028542 Mandevil the Pyromancer (level 27, 184/184 HPs)
             Began as a Kobold Conjurer on Aug 11, 2018.
             Was the Champion of Vehumet.
             Escaped with the Orb
             ... and 4 runes on Aug 12, 2018!
             The game lasted 07:41:44 (99018 turns).

Mandevil the Pyromancer (Kobold Conjurer)          Turns: 99018, Time: 07:41:45

Health: 184/184    AC: 15    Str: 13    XL:     27
Magic:  51/52      EV: 22    Int: 40    God:    Vehumet [******]
Gold:   7533       SH:  8    Dex: 18    Spells: 8/77 levels left

rFire    + + .     SeeInvis .   a - +7 rapier {pierce, Int+4}
rCold    . . .     Gourm    .   u - +1 buckler {rN+}
rNeg     + . .     Faith    .   I - +2 robe {Archmagi}
rPois    +         Spirit   .   C - +2 hat of Leupsoid {rElec Int+2}
rElec    +         Reflect  .   T - +2 cloak {MR+}
rCorr    .         Harm     .   c - +2 pair of gloves {Str+3}
MR       +++..                  K - +2 pair of boots {run}
Stlth    +.........             O - amulet of Vitality {Regen+ HP+15}
HPRegen  0.80/turn              q - ring "Tomunu" {rF+ Str+2 Int+3 Dex+3}
MPRegen  0.33/turn              i - ring "Teten" {rPois rF+ Int+4 Stlth-}

@: deflect missiles, quick
A: small, horns 1, carnivore, evolution 1
0: Orb of Zot
}: 4/15 runes: serpentine, barnacled, slimy, silver
a: Renounce Religion


You escaped.
You worshipped Vehumet.
Vehumet was exalted by your worship.
You were not hungry.

You visited 12 branches of the dungeon, and saw 58 of its levels.
You also visited: Bailey.

You collected 9454 gold pieces.
You spent 1921 gold pieces at shops.

Inventory:

Hand Weapons
 a - the +7 rapier of Premature Burial (weapon) {pierce, Int+4}
   (You took it off a deep elf elementalist on level 3 of the Elven Halls)

   It inflicts extra damage upon your enemies.
   It affects your intelligence (+4).
 b - a +9 rapier of freezing
Armour
 c - a +2 pair of gloves of strength (worn)
 u - a +1 buckler of positive energy (worn)
 C - the +2 hat of Leupsoid (worn) {rElec Int+2}
   (You acquired it on level 1 of the Vaults)

   It affects your intelligence (+2).
   It insulates you from electricity.
 I - a +2 robe of the Archmagi (worn)
 K - a +2 pair of boots of running (worn)
 T - a +2 cloak of magic resistance (worn)
Jewellery
 h - the ring of the Mage {Wiz MR++ Int+3}
   (You bought it in a shop on level 2 of the Orcish Mines)

   [ring of wizardry]

   It improves your spell success rate.
   It affects your intelligence (+3).
   It affects your resistance to hostile enchantments.
 i - the ring "Teten" (right hand) {rPois rF+ Int+4 Stlth-}
   (You found it on level 2 of the Depths)

   [ring of attention]

   It affects your intelligence (+4).
   It protects you from fire.
   It protects you from poison.
   It makes you less stealthy.
 p - the ring "Avougaso" {rF- rC+ Str+3 SInv}
   (You acquired it on level 2 of the Depths)

   [ring of protection from cold]

   It affects your strength (+3).
   It makes you vulnerable to fire.
   It protects you from cold.
   It lets you see invisible.
 q - the ring "Tomunu" (left hand) {rF+ Str+2 Int+3 Dex+3}
   (You found it on level 2 of the Lair of Beasts)

   [ring of dexterity]

   It affects your strength (+2).
   It affects your intelligence (+3).
   It affects your dexterity (+3).
   It protects you from fire.
 s - the ring of Wonder {rC+ MR+ AC+3 Str+3}
   (You took it off a vampire mage on level 2 of the Depths)

   [ring of protection]

   It affects your AC (+3).
   It affects your strength (+3).
   It protects you from cold.
   It affects your resistance to hostile enchantments.
 z - a ring of the Octopus King {rCorr AC+1 EV+1 Str+1 Int+1 Dex+1}
   (You took it off an ironheart preserver on level 5 of the Vaults)

   [ring of resist corrosion]

   It affects your AC (+1).
   It affects your evasion (+1).
   It affects your strength (+1).
   It affects your intelligence (+1).
   It affects your dexterity (+1).
 O - the amulet of Vitality (around neck) {Regen+ HP+15}
   (You found it on level 6 of the Lair of Beasts)

   [amulet of regeneration]

   It affects your health (+15).
   It increases your rate of regeneration.
Wands
 f - a wand of clouds (27)
 n - a wand of enslavement (40)
 o - a wand of iceblast (19)
 B - a wand of scattershot (10)
 E - a wand of paralysis (20)
 G - a wand of digging (33)
 R - a wand of disintegration (18)
 Z - a wand of acid (24)
Scrolls
 d - 14 scrolls of fog
 g - 26 scrolls of remove curse
 r - 22 scrolls of identify
 v - 3 scrolls of fear
 y - a scroll of summoning
 H - 14 scrolls of teleportation
 L - 2 scrolls of holy word
 N - 3 scrolls of blinking
 U - 7 scrolls of magic mapping
Potions
 j - 26 potions of curing
 k - 9 potions of brilliance
 l - 9 potions of resistance
 m - 9 potions of haste
 w - 4 potions of magic
 x - 4 potions of agility
 A - 5 potions of ambrosia
 D - 11 potions of flight
 F - 2 potions of cancellation
 J - 6 potions of heal wounds
 S - 5 potions of mutation
 X - 9 potions of might
Miscellaneous
 e - 4 sacks of spiders
 P - 3 boxes of beasts
 Q - a lamp of fire
 V - a lightning rod (4/4)
Comestibles
 Y - 89 rations


   Skills:
 - Level 16.4 Fighting
 - Level 14.0 Short Blades
 - Level 9.0 Dodging
 - Level 9.0 Stealth
 - Level 5.6 Shields
 + Level 25.8 Spellcasting
 + Level 26.0 Conjurations
 - Level 6.0 Charms
 - Level 6.0 Translocations
 + Level 26.7 Fire Magic
 - Level 3.2 Ice Magic
 - Level 3.0 Air Magic
 - Level 6.0 Earth Magic
 + Level 12.7 Evocations


You had 8 spell levels left.
You knew the following spells:

 Your Spells              Type           Power        Failure   Level  Hunger
e - Lightning Bolt        Conj/Air       ########..   1%          5    None
g - Ignition              Fire           #########.   1%          8    None
i - Iron Shot             Conj/Erth      ########..   1%          6    None
l - Force Lance           Conj/Tloc      ########     0%          4    None
m - Iskenderun's Mystic   Conj           ########     0%          4    None
r - Deflect Missiles      Chrm/Air       #######...   9%          6    None
B - Blink                 Tloc           N/A          1%          2    None
F - Freezing Cloud        Conj/Ice/Air   ########..   1%          6    None
G - Passage of Golubria   Tloc           N/A          1%          4    None
I - Irradiate             Conj/Tmut      ########..   1%          5    None
O - Orb of Destruction    Conj           #########.   0%          7    None
R - Regeneration          Chrm/Necr      #######...   1%          3    None
X - Fire Storm            Conj/Fire      #########.   1%          9    None

Your spell library contained the following spells:

 Spells                   Type           Power        Failure   Level  Hunger
 Cause Fear               Hex            ######....   3%          4    None
 Magic Dart               Conj           ####         0%          1    None
 Apportation              Tloc           ######       1%          1    None
 Conjure Flame            Conj/Fire      ########     0%          3    None
 Bolt of Fire             Conj/Fire      #########.   0%          6    None
 Slow                     Hex            ######..     1%          2    None
 Confuse                  Hex            ######..     1%          3    None
 Invisibility             Hex            ######..     47%         6    None
 Throw Flame              Conj/Fire      ######       0%          2    None
 Controlled Blink         Tloc           N/A          89%         8    None
 Mephitic Cloud           Conj/Pois/Air  ########     0%          3    None
 Teleport Other           Tloc           #######.     1%          3    None
 Summon Small Mammal      Summ           ####         1%          1    None
 Bolt of Draining         Conj/Necr      ########..   1%          5    None
 Animate Dead             Necr           N/A          3%          4    None
 Pain                     Necr           ####         1%          1    None
 Animate Skeleton         Necr           N/A          1%          1    None
 Vampiric Draining        Necr           ######....   1%          3    None
 Sticky Flame             Conj/Fire      ########     0%          4    None
 Summon Ice Beast         Ice/Summ       #######.     1%          4    None
 Ozocubu's Armour         Chrm/Ice       #######.     1%          3    None
 Call Imp                 Summ           ######..     1%          2    None
 Dispel Undead            Necr           ######..     10%         5    None
 Sting                    Conj/Pois      ####         0%          1    None
 Sublimation of Blood     Necr           ######....   1%          2    None
 Tukima's Dance           Hex            ######..     1%          3    None
 Summon Demon             Summ           ######....   10%         5    None
 Corpse Rot               Necr           N/A          1%          2    None
 Stone Arrow              Conj/Erth      ######       0%          3    None
 Shock                    Conj/Air       ####         0%          1    None
 Swiftness                Chrm/Air       #######.     1%          2    None
 Recall                   Summ/Tloc      N/A          1%          3    None
 Agony                    Necr           ######..     10%         5    None
 Spider Form              Tmut/Pois      ######....   1%          3    None
 Blade Hands              Tmut           ######....   10%         5    None
 Statue Form              Tmut/Erth      #######..    16%         6    None
 Ice Form                 Ice/Tmut       #######.     1%          4    None
 Dragon Form              Tmut           ######....   96%         7    None
 Death Channel            Necr           ######....   47%         6    None
 Airstrike                Air            #######...   1%          4    None
 Shadow Creatures         Summ           N/A          47%         6    None
 Confusing Touch          Hex            ######       1%          1    None
 Flame Tongue             Conj/Fire      #####        0%          1    None
 Passwall                 Tmut/Erth      #######.     1%          2    None
 Sticks to Snakes         Tmut           ######..     1%          2    None
 Call Canine Familiar     Summ           ######..     1%          3    None
 Ensorcelled Hibernation  Hex/Ice        ######       1%          2    None
 Metabolic Englaciation   Hex/Ice        #######...   4%          5    None
 Summon Butterflies       Summ           ######..     1%          1    None
 Silence                  Hex/Air        #######...   5%          5    None
 Dispersal                Tloc           #######...   4%          6    None
 Static Discharge         Conj/Air       ########     0%          3    None
 Corona                   Hex            ######.      1%          1    None
 Alistair's Intoxication  Tmut/Pois      ######..     10%         5    None
 Lee's Rapid Deconstruct  Erth           #######...   1%          5    None
 Sandblast                Erth           ######       1%          1    None
 Simulacrum               Ice/Necr       #######...   28%         6    None
 Excruciating Wounds      Chrm/Necr      #######...   2%          5    None
 Portal Projectile        Hex/Tloc       ######       1%          3    None
 Petrify                  Tmut/Erth      #######.     1%          4    None
 Leda's Liquefaction      Hex/Erth       #######...   1%          4    None
 Summon Hydra             Summ           ######....   96%         7    None
 Darkness                 Hex            ######....   47%         6    None
 Shroud of Golubria       Chrm/Tloc      #######...   1%          2    None
 Inner Flame              Hex/Fire       ########     0%          3    None
 Aura of Abjuration       Summ           ######....   10%         5    None
 Beastly Appendage        Tmut           ######       1%          1    None
 Disjunction              Tloc           #######...   89%         8    None
 Fulminant Prism          Conj/Hex       ########..   0%          4    None
 Dazzling Spray           Conj/Hex       ######       0%          3    None
 Searing Ray              Conj           ######       0%          2    None
 Discord                  Hex            ######....   100%        8    None
 Summon Forest            Summ/Tloc      #######...   2%          5    None
 Summon Lightning Spire   Summ/Air       #######.     1%          4    None
 Summon Guardian Golem    Hex/Summ       ######..     1%          3    None
 Dragon's Call            Summ           ######....   100%        9    None
 Summon Mana Viper        Hex/Summ       ######..     10%         5    None
 Hydra Form               Tmut           ######....   47%         6    None
 Gell's Gravitas          Tloc           #######...   1%          3    None
 Yara's Violent Unravell  Hex/Tmut       ######....   2%          5    None
 Infestation              Necr           ######....   100%        8    None
 Lesser Beckoning         Tloc           #######...   1%          3    None
 Borgnjor's Vile Clutch   Necr/Erth      #######...   2%          5    None


Dungeon Overview and Level Annotations

Branches:
Dungeon (15/15)            Temple (1/1) D:5            Lair (6/6) D:10
 Shoals (4/4) Lair:3        Snake (4/4) Lair:2        Slime (5/5) Lair:6
    Orc (2/2) D:11            Elf (3/3) Orc:2        Vaults (5/5) D:14
  Crypt (3/3) Vaults:2       Tomb (0/3) Crypt:3      Depths (5/5) D:15
    Zot (5/5) Depths:5

Altars:
Ashenzari
Cheibriados
Elyvilon
Fedhas
Gozag
Kikubaaqudgha
Makhleb
Nemelex Xobeh
Okawaru
Qazlal
Sif Muna
Trog
Vehumet
Wu Jian
Xom
Yredelemnul
Zin
The Shining One

Shops:
Orc:2 =(*[   Vaults:2 [

Portals:
Hell: Depths:1 Depths:2 Depths:3 Depths:4 Depths:5
Abyss: Depths:2 Depths:4
Pandemonium: Depths:1 Depths:2 Depths:3
Ziggurat: Depths:2
Trove: D:15 (give 8 potions of agility)

Annotations:
D:7 Harold
Lair:3 3 runed doors, Bauhell's ghost, journeyman HuSu; Fyciun's ghost, journeyman MiFi; Milosm's ghost, journeyman TrFi; Ojaytsid's ghost, journeyman HuSk; Ziazihat's ghost, journeyman TrFi
Shoals:1 1 runed door, Visirewa's ghost, journeyman GrFi
Elf:2 5 runed doors


Innate Abilities, Weirdness & Mutations

You are small and have problems with some larger weapons.
You are carnivorous and can eat meat at any time.
You have a pair of small horns on your head.
You evolve.


Message History

You see here a dagger.
There is an open door here.
There is an open door here.
A tormentor comes into view.
Casting: Orb of Destruction (safe; 0% risk of failure)
Confirm with . or Enter, or press ? or * to list all spells.
Aiming: Iron Shot (safe; 1% risk of failure)
Press: ? - help, Shift-Dir - straight line, f - tormentor
Aim: a tormentor You feel a surge of power!
The iron shot hits the tormentor.
You kill the tormentor!
Vehumet accepts your kill.
You feel your power returning.
(D) Dungeon (T) Temple (L) Lair (A) Shoals (P) Snake Pit (M) Slime Pits (O) Orcish Mines (E) Elven Halls (V) Vaults (C) Crypt (W) Tomb (U) Depths (H) Hell (Z) Zot
Where to? (* - list waypoints, Enter - D:1 @ (x,y), ? - help)
There is a staircase leading out of the dungeon here.
You have escaped!

####...####
#.......##
#.........#
#.......'.
#.^.......#
#....[..##
#.........#
#......##
####...#### #.....##
#...# ##...##
####...#### ##+##
#.........# #.#
#.}..K..}.# #.#
#.........# ##.##
########### ##^..##
#.....####
###########....###..
#.(.................
##.#######...#####.#
### ##### #.# #.#


There were no monsters in sight!

Vanquished Creatures
  the Royal Jelly (Slime:5)
  12 orbs of fire (Zot:5)
  Mara (Crypt:1)
  Mennas (Crypt:2)
  A juggernaut (Depths:5)
  9 ancient liches
  Bai Suzhen (Crypt:2)
  Saint Roka (Depths:4)
  Xtahua (Crypt:3)
  2 Killer Klowns (Zot:5)
  The ghost of Menkoroxt the Champion of Chaos, a veteran DDFi of Makhleb (Zot:1)
  7 caustic shrikes
  2 curse toes
  Nikola (Elf:3)
  A bone dragon (Crypt:3)
  10 golden dragons
  4 electric golems
  24 tentacled monstrosities
  25 Orb Guardians
  A Hell Sentinel (Depths:4)
  Rupert (D:12)
  Asterion (Elf:3)
  8 quicksilver dragons
  A deep elf blademaster (Elf:3)
  7 liches
  8 titans (Vaults:5)
  A deep elf master archer (Elf:3)
  25 acid blobs
  Frances (Shoals:1)
  7 death cobs
  Agnes (D:14)
  21 storm dragons
  2 ancient champions (Crypt:2)
  6 sphinxes
  Gastronok (Lair:1)
  Kirke (Snake:1)
  8 draconian monks
  7 azure jellies
  11 shadow dragons
  9 tengu reavers
  Roxanne (Elf:3)
  An azure jelly (shapeshifter) (Depths:1)
  2 revenants (Crypt:2)
  7 nagarajas
  9 fire giants
  An iron dragon (Vaults:5)
  5 ghost moths
  20 vault wardens
  4 draconian knights
  9 draconian scorchers
  Louise (D:14)
  5 deep elf elementalists
  8 deep elf sorcerers
  9 frost giants
  6 draconian stormcallers
  3 curse skulls
  3 draconian shifters
  3 ghouls
  5 draconian annihilators
  A caustic shrike skeleton (Crypt:2)
  5 war gargoyles
  A reaper (D:13)
  27 stone giants
  An entropy weaver (Vaults:1)
  16 very ugly things
  A spriggan defender (Depths:2)
  15 vampire knights
  9 black draconians
  14 green draconians
  16 ironheart preservers
  9 deep elf demonologists
  5 white draconians
  8 spark wasps
  14 yellow draconians
  7 red draconians
  A dire elephant (Lair:2)
  13 deep elf annihilators
  11 purple draconians
  5 death oozes (Slime:5)
  7 deep elf death magi
  A spectral quicksilver dragon (Zot:1)
  A fire dragon (shapeshifter) (Depths:2)
  14 ettins
  4 eidola
  5 merfolk javelineers
  5 crystal guardians
  Snorg (D:12)
  9 jiangshi
  A spectral golden dragon (Zot:1)
  12 fire dragons
  20 great orbs of eyes
  8 merfolk impalers
  6 rakshasas (Depths:2)
  8 deep elf high priests
  9 ogre magi
  Erolcha (D:11)
  21 yaktaur captains
  A servant of whispers (Vaults:4)
  31 vault guards
  A hell beast (Zot:1)
  7 spriggan air magi
  9 hydras
  Erica (D:10)
  An ice dragon (shapeshifter) (Vaults:3)
  23 naga warriors
  An alligator snapping turtle (Shoals:2)
  14 ice dragons
  A death knight (Vaults:5)
  2 merfolk avatars
  15 centaur warriors
  3 merfolk aquamancers
  25 dancing weapons
  12 tengu warriors
  2 satyrs
  10 anacondas
  37 two-headed ogres
  15 deep troll earth magi
  A spectral draconian (Zot:1)
  4 orc high priests (Orc:2)
  A shock serpent (shapeshifter) (Vaults:5)
  13 deep troll shamans
  3 hell hogs (Depths:5)
  Urug (Lair:4)
  11 spriggan berserkers
  A titan zombie (Vaults:5)
  11 vampire magi
  9 shock serpents
  3 soul eaters
  13 naga sharpshooters
  14 deep elf knights
  2 sun demons (Depths:4)
  34 skeletal warriors
  A spectral white draconian (Zot:1)
  14 hell knights
  4 iron trolls (Depths:1)
  A storm dragon skeleton (Crypt:2)
  3 shadow wraiths
  A titan skeleton (Crypt:3)
  2 salamander mystics
  3 glowing orange brains
  6 wizards
  5 unseen horrors
  An anaconda zombie (Crypt:2)
  6 flayed ghosts
  9 sea snakes
  8 naga ritualists
  An obsidian statue (Elf:3)
  A lindwurm (Lair:6)
  2 swamp dragons (shapeshifter)
  An anaconda skeleton (Crypt:3)
  A glowing orange brain (shapeshifter) (Depths:2)
  A shadow dragon zombie (Crypt:3)
  16 deep elf archers
  21 orc knights
  31 deep trolls
  6 phantasmal warriors
  A harpy (shapeshifter) (Depths:2)
  8 ironbrand convokers
  10 mana vipers
  6 wolf spiders
  8 harpies
  3 shining eyes
  4 oklob plants (Lair:4)
  A wolf spider (shapeshifter) (Depths:2)
  6 orc sorcerers
  15 necromancers
  A wolf spider zombie (D:15)
  66 deep elf magi
  A shadow dragon skeleton (Depths:3)
  A salamander (shapeshifter) (Depths:1)
  36 ugly things
  A sphinx skeleton (Depths:3)
  A cyclops (shapeshifter) (Vaults:5)
  8 manticores
  13 fauns
  3 cyclopes
  6 salamanders
  A manticore (shapeshifter) (Elf:3)
  18 elephants (Lair:2)
  26 moths of wrath
  42 black mambas
  A frost giant skeleton (Crypt:3)
  A moth of wrath (shapeshifter) (Depths:1)
  A guardian serpent (shapeshifter) (Depths:1)
  6 guardian serpents
  2 storm dragon simulacra (Zot:1)
  13 vault sentinels
  8 merfolk sirens
  31 naga magi
  A centaur zombie (D:14)
  5 water nymphs
  2 black mambas (shapeshifter)
  An eye of devastation (Slime:4)
  2 torpor snails (shapeshifter)
  Joseph (D:8)
  3 molten gargoyles (Lair:6)
  A spiny frog (shapeshifter) (Depths:3)
  An ice statue (Elf:3)
  A titan simulacrum (Depths:3)
  9 spiny frogs
  A rime drake (Lair:6)
  A shock serpent skeleton (Crypt:1)
  13 swamp worm zombies (Crypt:1)
  2 ice devils
  48 yaktaurs
  A tormentor (D:1)
  A yaktaur zombie (Vaults:5)
  11 freezing wraiths
  2 kobold demonologists (D:10)
  A red devil (Depths:4)
  A yaktaur (shapeshifter) (Depths:1)
  An efreet (D:15)
  A yaktaur skeleton (Vaults:5)
  A merfolk (shapeshifter) (Depths:1)
  A hellwing (D:12)
  A golden dragon simulacrum (Zot:1)
  2 guardian mummies (D:15)
  9 komodo dragons
  5 tengu conjurers
  A jumping spider (shapeshifter) (Depths:1)
  8 trolls
  2 spectral moths of wrath (Zot:1)
  An elf skeleton (Depths:3)
  3 harpy zombies (Shoals:3)
  2 trolls (shapeshifter)
  2 wind drakes (Shoals:1)
  A harpy skeleton (D:15)
  A minotaur skeleton (Crypt:3)
  A tengu simulacrum (Vaults:1)
  2 blink frogs (shapeshifter)
  34 merfolk
  8 dream sheep
  105 slime creatures
  2 saltlings (Vaults:4)
  9 hornets
  A polar bear (Lair:6)
  2 fire dragon zombies (Crypt:3)
  2 bog bodies (Crypt:2)
  10 blink frogs
  14 hippogriffs
  6 snapping turtles
  30 flying skulls (Crypt:3)
  2 hippogriffs (shapeshifter)
  An ettin skeleton (Crypt:1)
  3 air elementals
  5 shadows
  2 vampires
  2 spriggan skeletons
  3 redbacks (Vaults:1)
  A yak (shapeshifter) (Depths:1)
  12 wraiths
  33 yaks
  A spriggan (shapeshifter) (Depths:2)
  A human (D:7)
  6 spriggans
  7 wyverns
  5 fire elementals
  15 water elementals
  A hog (shapeshifter) (Depths:1)
  A human (shapeshifter) (Depths:1)
  A basilisk (shapeshifter) (Depths:1)
  5 basilisks
  4 hogs
  3 hungry ghosts
  4 vampire mosquitoes (D:15)
  4 steam dragons
  A neqoxec (D:15)
  A yaktaur simulacrum (Vaults:5)
  10 golden eyes
  47 nagas
  7 wargs
  5 acid dragons
  17 water moccasins
  A floating eye (Slime:4)
  A soldier ant (D:12)
  A moth of wrath simulacrum (Zot:1)
  51 orc warriors
  13 hell hounds
  8 porcupines
  6 ice beasts
  An ice beast (shapeshifter) (Depths:1)
  8 necrophages
  An ettin simulacrum (Crypt:1)
  5 boggarts
  2 black bears
  A phantom (D:11)
  A hornet zombie (D:7)
  A fire dragon simulacrum (Crypt:1)
  7 eyes of draining
  A hog zombie (Crypt:2)
  31 ogres
  4 wolves (Lair:3)
  13 centaurs
  9 crocodiles
  2 hippogriff zombies (Shoals:3)
  3 big kobolds
  2 earth elementals
  22 bullfrogs
  A gnoll sergeant (Orc:1)
  A hornet simulacrum (Vaults:1)
  A water moccasin skeleton (Crypt:1)
  A wyvern skeleton (D:15)
  7 scorpions
  A spriggan zombie (Crypt:2)
  27 killer bees
  3 wights (Crypt:2)
  An electric eel (D:14)
  4 howler monkeys
  5 lava snakes (Lair:6)
  9 crimson imps
  7 hounds
  9 bullfrog skeletons
  2 bullfrog zombies
  A wolf skeleton (Crypt:1)
  A jelly (shapeshifter) (Depths:2)
  5 jellies
  27 orc wizards
  2 quasits
  28 orc priests
  15 worker ants
  A demonspawn skeleton (Crypt:2)
  8 centaur skeletons
  3 iguanas
  A killer bee zombie (D:10)
  An ogre zombie (Crypt:3)
  2 felid skeletons
  A naga skeleton (Crypt:1)
  3 hound skeletons
  3 worker ant zombies
  5 gnolls (Bailey)
  An adder (shapeshifter) (Depths:1)
  14 adders
  3 shadow imps
  2 oozes (Lair:6)
  2 adder skeletons
  3 adder zombies
  7 worms
  4 dart slugs
  7 leopard geckos
  123 orcs
  7 bats
  A bat zombie (Shoals:3)
  6 giant cockroaches
  16 goblins
  19 hobgoblins
  10 jackals
  3 quokkas
  2 ball pythons
  8 frilled lizards
  A frilled lizard skeleton (Crypt:1)
  A gnoll skeleton (Crypt:2)
  21 kobolds
  A kobold skeleton (Crypt:1)
  8 rats
  8 crawling corpses (Vaults:5)
  3 fire vortices
  A fungus (Lair:4)
  6 plants
2729 creatures vanquished.

Vanquished Creatures (collateral kills)
  A quicksilver dragon (Depths:2)
  An acid blob (Slime:5)
  A storm dragon (Depths:5)
  2 shadow dragons
  A draconian knight (Zot:4)
  4 frost giants
  2 draconian stormcallers (Zot:4)
  A very ugly thing (Depths:3)
  3 stone giants
  A green draconian (Zot:1)
  A black draconian (Zot:3)
  An ice dragon (Depths:5)
  A swamp dragon (shapeshifter) (Depths:2)
  A tengu skeleton (Depths:3)
  An ugly thing (Depths:1)
  A floating eye (shapeshifter) (Depths:1)
  A shadow imp (Depths:3)
  An orc (Depths:4)
25 creatures vanquished.

Vanquished Creatures (others)
  A fire giant (Depths:2)
  A moth of wrath (Zot:5)
  A komodo dragon (Lair:6)
  A yaktaur (Vaults:3)
  A water elemental (Elf:3)
  An air elemental (Elf:3)
  An orc (Vaults:3)
  295 fire vortices
  88 fungi
  61 plants
451 creatures vanquished.

Grand Total: 3205 creatures vanquished

Notes
Turn   | Place    | Note
-------+----------+-------------------------------------------
     0 | D:1      | Mandevil the Kobold Conjurer began the quest for the Orb.
     0 | D:1      | Reached XP level 1. HP: 10/10 MP: 3/3
   371 | D:1      | Reached XP level 2. HP: 15/15 MP: 3/5
   378 | D:1      | Learned a level 2 spell: Searing Ray
   663 | D:1      | Reached XP level 3. HP: 11/19 MP: 1/7
  1397 | D:1      | Learned a level 3 spell: Dazzling Spray
  1630 | D:2      | Reached XP level 4. HP: 24/24 MP: 8/8
  1768 | D:2      | Found a basalt altar of Yredelemnul.
  1770 | D:2      | Noticed a profane servitor
  1804 | D:2      | Reached skill level 1 in Short Blades
  2720 | D:2      | Learned a level 4 spell: Iskenderun's Mystic Blast
  2782 | D:2      | Found a glowing golden altar of the Shining One.
  2817 | D:3      | Found a stormy altar of Qazlal.
  2963 | D:3      | Reached XP level 5. HP: 28/28 MP: 7/10
  3003 | D:3      | Reached skill level 5 in Conjurations
  3465 | D:4      | Reached XP level 6. HP: 32/32 MP: 11/11
  4568 | D:4      | Found a burning altar of Makhleb.
  4687 | D:4      | Reached XP level 7. HP: 36/36 MP: 13/13
  4903 | D:5      | Entered Level 5 of the Dungeon
  5127 | D:5      | Found a glowing silver altar of Zin.
  5761 | D:5      | Found a staircase to the Ecumenical Temple.
  5770 | Temple   | Entered the Ecumenical Temple
  5777 | Temple   | Became a worshipper of Vehumet
  6238 | D:5      | Reached XP level 8. HP: 41/41 MP: 15/15
  6258 | D:5      | Reached skill level 5 in Spellcasting
  6709 | D:6      | Found a white marble altar of Elyvilon.
  7179 | D:6      | Found a shattered altar of Ashenzari.
  7346 | D:6      | Reached skill level 1 in Fighting
  7682 | D:6      | Found a sparkling altar of Nemelex Xobeh.
  7761 | D:6      | Learned a level 4 spell: Force Lance
  8156 | D:7      | Noticed Harold
  8162 | D:7      | Found a blossoming altar of Fedhas.
  8391 | D:7      | Reached * piety under Vehumet
  8391 | D:7      | Offered knowledge of Sting by Vehumet.
  8399 | D:7      | Reached XP level 9. HP: 47/49 MP: 4/17
  9111 | D:7      | Reached skill level 10 in Conjurations
 10160 | D:8      | Noticed Joseph
 10170 | D:8      | Reached XP level 10. HP: 56/56 MP: 21/21
 10208 | D:8      | Found a bloodstained altar of Trog.
 11100 | D:8      | Noticed a two-headed ogre
 11133 | D:8      | Killed a two-headed ogre
 11442 | D:8      | Found an iron altar of Okawaru.
 11480 | D:8      | Killed Joseph
 12425 | D:9      | Offered knowledge of Throw Frost by Vehumet.
 12612 | D:9      | Reached ** piety under Vehumet
 12878 | D:9      | Found a deep blue altar of Sif Muna.
 12932 | D:10     | Entered Level 10 of the Dungeon
 13159 | D:10     | Found a flagged portal.
 13176 | D:10     | Reached XP level 11. HP: 24/60 MP: 18/23
 13246 | Bailey   | Entered a bailey
 13337 | Bailey   | Reached skill level 5 in Stealth
 13345 | Bailey   | Offered knowledge of Conjure Flame by Vehumet.
 13393 | Bailey   | Reached skill level 1 in Translocations
 13596 | Bailey   | Learned a level 3 spell: Conjure Flame
 13634 | Bailey   | Reached *** piety under Vehumet
 13747 | Bailey   | Noticed an orc knight
 13759 | Bailey   | Killed an orc knight
 13816 | Bailey   | Offered knowledge of Stone Arrow by Vehumet.
 13824 | Bailey   | Learned a level 3 spell: Stone Arrow
 13851 | Bailey   | Noticed an orc knight
 13852 | Bailey   | Noticed an orc warlord
 13936 | D:10     | Found a staircase to the Lair.
 14080 | D:10     | Noticed a two-headed ogre
 14091 | D:10     | Noticed a two-headed ogre
 14093 | D:10     | Killed a two-headed ogre
 14093 | D:10     | Reached skill level 1 in Earth Magic
 14247 | D:10     | Killed a two-headed ogre
 14247 | D:10     | Reached skill level 10 in Spellcasting
 14446 | D:10     | Noticed Erica
 14462 | D:10     | Killed Erica
 14905 | D:11     | Found a staircase to the Orcish Mines.
 14906 | D:11     | Noticed a cyclops
 14945 | D:11     | Killed a cyclops
 15043 | D:11     | Reached **** piety under Vehumet
 15090 | D:11     | Noticed a two-headed ogre
 15097 | D:11     | Killed a two-headed ogre
 15097 | D:11     | Reached XP level 12. HP: 64/64 MP: 17/27
 15268 | D:11     | Noticed Erolcha
 15283 | D:11     | Killed Erolcha
 15413 | D:11     | Learned a level 5 spell: Lightning Bolt
 15508 | D:11     | Offered knowledge of Ignite Poison by Vehumet.
 16064 | D:11     | Noticed a two-headed ogre
 16070 | D:11     | Killed a two-headed ogre
 16204 | Lair:1   | Entered Level 1 of the Lair of Beasts
 16240 | Lair:1   | Reached skill level 5 in Fighting
 17090 | Lair:1   | Noticed Gastronok
 17114 | Lair:1   | Killed Gastronok
 17114 | Lair:1   | Reached skill level 5 in Dodging
 17405 | Lair:2   | Reached XP level 13. HP: 75/75 MP: 26/29
 18514 | Lair:2   | Got an ancient glass ring
 18516 | Lair:2   | Identified the ring "Tomunu" {rF+ Str+2 Int+3 Dex+3} (You found it on level 2 of the Lair of Beasts)
 18532 | Lair:2   | Noticed a dire elephant
 20263 | Lair:2   | Found a staircase to the Snake Pit.
 20368 | Lair:2   | Killed a dire elephant
 20802 | Lair:3   | Found a runed gate.
 20802 | Lair:3   | Found a runed gate.
 20802 | Lair:3   | Found a runed gate.
 20802 | Lair:3   | Noticed Fyciun's ghost (journeyman MiFi)
 20802 | Lair:3   | Noticed Milosm's ghost (journeyman TrFi)
 20802 | Lair:3   | Noticed Ojaytsid's ghost (journeyman HuSk)
 20802 | Lair:3   | Noticed Bauhell's ghost (journeyman HuSu)
 20802 | Lair:3   | Noticed Ziazihat's ghost (journeyman TrFi)
 20819 | Lair:3   | Noticed a five-headed hydra
 20896 | Lair:3   | Noticed a five-headed hydra
 20904 | Lair:3   | Killed a five-headed hydra
 21071 | Lair:3   | Reached ***** piety under Vehumet
 21141 | Lair:3   | Offered knowledge of Irradiate by Vehumet.
 21148 | Lair:3   | Learned a level 5 spell: Irradiate
 21166 | Lair:3   | Noticed a four-headed hydra
 21170 | Lair:3   | Killed a four-headed hydra
 21170 | Lair:3   | Reached skill level 15 in Conjurations
 21170 | Lair:3   | Reached XP level 14. HP: 86/86 MP: 23/30
 21515 | Lair:3   | Found a staircase to the Shoals.
 21812 | Lair:4   | Noticed Urug
 21817 | Lair:4   | Killed Urug
 23434 | Lair:5   | Found a deep blue altar of Sif Muna.
 23603 | Lair:6   | Entered Level 6 of the Lair of Beasts
 23874 | Lair:6   | Found a staircase to the Slime Pits.
 24540 | Lair:6   | Offered knowledge of Orb of Destruction by Vehumet.
 24551 | Lair:6   | Learned a level 7 spell: Orb of Destruction
 25753 | Lair:6   | Reached XP level 15. HP: 92/92 MP: 23/31
 25859 | Lair:6   | Reached skill level 10 in Fighting
 25859 | Lair:6   | Reached skill level 5 in Translocations
 25889 | Lair:6   | Found the amulet of Vitality {Regen+ HP+15}
 25943 | Lair:6   | Found a large runed door.
 25944 | Lair:6   | Found a large runed door.
 26650 | Orc:1    | Entered Level 1 of the Orcish Mines
 27146 | Orc:2    | Entered Level 2 of the Orcish Mines
 27758 | Orc:2    | Reached skill level 5 in Short Blades
 28214 | Orc:2    | Found a staircase to the Elven Halls.
 28709 | Orc:2    | Offered knowledge of Conjure Ball Lightning by Vehumet.
 28810 | Orc:2    | Found Ceezops's Armour Shop.
 28810 | Orc:2    | Found Cunk's Weapon Boutique.
 28835 | Orc:2    | Found Peih's General Store.
 28835 | Orc:2    | Found Ferem's Jewellery Boutique.
 28874 | Orc:2    | Bought the ring of the Mage {Wiz MR++ Int+3} for 517 gold pieces
 28874 | Orc:2    | Found the ring of the Mage {Wiz MR++ Int+3}
 28879 | Orc:2    | Bought a scroll of acquirement for 676 gold pieces
 28881 | Orc:2    | Got a polished helmet
 28892 | Orc:2    | Identified the +1 helmet of the Marlin {*Slow Str+7 Dex+9 Stlth+} (You acquired it on level 2 of the Orcish Mines)
 29855 | D:12     | Noticed Rupert
 29868 | D:12     | Killed Rupert
 30853 | D:13     | Offered knowledge of Freezing Cloud by Vehumet.
 31305 | D:14     | Reached XP level 16. HP: 101/101 MP: 14/33
 31391 | D:14     | Found a gate to the Vaults.
 31498 | D:14     | Noticed Agnes
 31506 | D:14     | Killed Agnes
 32047 | D:14     | Noticed Louise
 32493 | D:14     | Killed Louise
 32638 | D:15     | Entered Level 15 of the Dungeon
 32665 | D:15     | Learned a level 6 spell: Freezing Cloud
 32896 | D:15     | Reached skill level 1 in Air Magic
 32900 | D:15     | Reached skill level 10 in Short Blades
 33403 | D:15     | Found a portal to a secret trove of treasure.
 33989 | D:15     | Found a staircase to the Depths.
 34148 | D:15     | Found a glowing golden altar of the Shining One.
 34521 | Orc:2    | Bought a +3 ring mail of poison resistance for 368 gold pieces
 34689 | Shoals:1 | Entered Level 1 of the Shoals
 34847 | Shoals:1 | Reached ****** piety under Vehumet
 34847 | Shoals:1 | Reached skill level 1 in Ice Magic
 34957 | Shoals:1 | Found a runed door.
 34958 | Shoals:1 | Found a shimmering altar of Xom.
 34958 | Shoals:1 | Noticed Visirewa's ghost (journeyman GrFi)
 35153 | Shoals:1 | Offered knowledge of Ozocubu's Refrigeration by Vehumet.
 35840 | Shoals:1 | Noticed Frances
 35848 | Shoals:1 | Killed Frances
 35848 | Shoals:1 | Reached skill level 15 in Spellcasting
 35848 | Shoals:1 | Reached XP level 17. HP: 106/106 MP: 4/36
 37670 | Shoals:2 | Reached skill level 1 in Shields
 39008 | Shoals:3 | Offered knowledge of Iron Shot by Vehumet.
 39155 | Lair:1   | Learned a level 6 spell: Iron Shot
 39685 | Shoals:3 | Reached skill level 5 in Shields
 40047 | Shoals:4 | Entered Level 4 of the Shoals
 40742 | Shoals:4 | Reached XP level 18. HP: 112/112 MP: 31/38
 40967 | Shoals:4 | Got a barnacled rune of Zot
 41181 | Snake:1  | Entered Level 1 of the Snake Pit
 41577 | Snake:1  | Reached skill level 5 in Earth Magic
 41598 | Snake:1  | Noticed Kirke
 41603 | Snake:1  | Killed Kirke
 41693 | Snake:1  | Identified the +2 ring mail "Jionleon" {rC+ Str+5 Stlth+} (You found it on level 1 of the Snake Pit)
 43142 | Snake:2  | Offered knowledge of Spellforged Servitor by Vehumet.
 44181 | Snake:3  | HP: 2/127 [something (11)]
 44187 | Snake:3  | HP: 2/127 [poisoned by a naga warrior (splash of poison)]
 44193 | Snake:3  | HP: 3/127 [poisoned by a naga warrior (splash of poison)]
 44198 | Snake:3  | HP: 5/127 [poisoned by a naga warrior (splash of poison)]
 44959 | Snake:3  | Reached XP level 19. HP: 118/118 MP: 28/39
 45583 | Snake:4  | Entered Level 4 of the Snake Pit
 48315 | Snake:4  | Got a serpentine rune of Zot
 48352 | Snake:4  | Offered knowledge of Fire Storm by Vehumet.
 48352 | Snake:4  | Offered knowledge of Glaciate by Vehumet.
 48352 | Snake:4  | Offered knowledge of Ignition by Vehumet.
 49225 | Vaults:1 | Entered Level 1 of the Vaults
 49517 | Vaults:1 | Reached XP level 20. HP: 127/127 MP: 23/41
 49785 | Vaults:1 | Reached skill level 1 in Fire Magic
 51478 | Vaults:1 | Got a heavily runed hat
 51489 | Vaults:1 | Identified the +2 hat of Leupsoid {rElec Int+2} (You acquired it on level 1 of the Vaults)
 51650 | Vaults:1 | Reached skill level 15 in Fighting
 51897 | Vaults:2 | Got a coiled granite ring
 51898 | Vaults:2 | Identified the ring of Gegiugg {+Fly rPois Int+3 Dex+4 Slay-2} (You took it off an orc on level 2 of the Vaults)
 51952 | Vaults:2 | Found Gaonyd's Antique Armour Emporium.
 51964 | Vaults:2 | Bought an embroidered cloak for 360 gold pieces
 52507 | Vaults:2 | Found a staircase to the Crypt.
 52561 | Vaults:2 | Reached skill level 5 in Fire Magic
 53001 | Vaults:2 | Reached XP level 21. HP: 134/134 MP: 24/43
 53982 | Vaults:2 | Learned a level 4 spell: Passage of Golubria
 56711 | Vaults:4 | Found a ruined gateway.
 56816 | Vaults:4 | Reached XP level 22. HP: 142/142 MP: 36/44
 57048 | Vaults:4 | Learned a level 8 spell: Ignition
 57779 | Vaults:4 | Reached skill level 10 in Fire Magic
 57797 | Vaults:4 | Got heavily runed shadow dragon scales
 57830 | Vaults:4 | Identified the +4 shadow dragon scales "Taveavod" {rPois rF- MR+ Stlth++++} (You took it off a vault warden on level 4 of the Vaults)
 58428 | Elf:1    | Entered Level 1 of the Elven Halls
 59196 | Elf:1    | Identified the Handbook of Creative Conjuration
 59496 | Elf:2    | Found a huge runed gate.
 59496 | Elf:2    | Found a huge runed gate.
 59496 | Elf:2    | Found a huge runed gate.
 59496 | Elf:2    | Found a huge runed gate.
 59498 | Elf:2    | Found a huge runed gate.
 60335 | Elf:3    | Entered Level 3 of the Elven Halls
 60557 | Elf:3    | Found a radiant altar of Vehumet.
 60602 | Elf:3    | Noticed Nikola
 60606 | Elf:3    | Killed Nikola
 60700 | Elf:3    | Noticed Roxanne
 60711 | Elf:3    | Killed Roxanne
 60712 | Elf:3    | Identified Roxanne's Grimoire of Earth (You took it off Roxanne on level 3 of the Elven Halls)
 61492 | Elf:3    | Noticed Asterion
 61499 | Elf:3    | Killed Asterion
 61567 | Elf:3    | Reached XP level 23. HP: 148/148 MP: 39/46
 61833 | Elf:3    | Found a radiant altar of Vehumet.
 62507 | Elf:3    | Reached skill level 15 in Fire Magic
 62732 | Elf:3    | Identified the +7 rapier of Premature Burial {pierce, Int+4} (You took it off a deep elf elementalist on level 3 of the Elven Halls)
 62767 | Elf:3    | Found the +7 sceptre of Torment
 62996 | Elf:3    | Identified a +1 pair of boots of running (You found it on level 3 of the Elven Halls)
 62998 | Elf:3    | Identified the Incunabulum of Doomed Boosts
 63162 | Lair:1   | Learned a level 9 spell: Fire Storm
 63269 | Depths:1 | Entered Level 1 of the Depths
 63271 | Depths:1 | Reached skill level 1 in Evocations
 64559 | Depths:1 | Reached skill level 5 in Evocations
 64850 | Depths:1 | Reached XP level 24. HP: 154/154 MP: 26/46
 65163 | Depths:1 | Identified the Reference Book on Bewitching Transmutation
 65514 | Depths:1 | Found a gateway to Hell.
 65594 | Depths:1 | Found a one-way gate leading to the halls of Pandemonium.
 65907 | Depths:2 | Noticed an ancient lich
 65912 | Depths:2 | Killed an ancient lich
 66250 | Depths:2 | Found a blossoming altar of Fedhas.
 66282 | Depths:2 | Got a steaming turquoise ring
 66284 | Depths:2 | Identified the ring "Teten" {rPois rF+ Int+4 Stlth-} (You found it on level 2 of the Depths)
 66288 | Depths:2 | Noticed a caustic shrike
 66291 | Depths:2 | Killed a caustic shrike
 66615 | Depths:2 | Found a deep blue altar of Sif Muna.
 66615 | Depths:2 | Found a glowing silver altar of Zin.
 66691 | Depths:2 | Got a brightly glowing lead ring
 66693 | Depths:2 | Identified the ring "Avougaso" {rF- rC+ Str+3 SInv} (You acquired it on level 2 of the Depths)
 67553 | Depths:2 | Noticed a caustic shrike
 67559 | Depths:2 | Killed a caustic shrike
 68109 | Depths:2 | Reached XP level 25. HP: 159/159 MP: 26/46
 68184 | Depths:2 | Found an iron altar of Okawaru.
 68185 | Depths:2 | Found a basalt altar of Yredelemnul.
 68187 | Depths:2 | Found a burning altar of Makhleb.
 68187 | Depths:2 | Found an ornate altar of the Wu Jian Council.
 68213 | Depths:2 | Found a gateway to a ziggurat.
 68679 | Depths:2 | Got a shimmering platinum ring
 68681 | Depths:2 | Identified the ring of Wonder {rC+ MR+ AC+3 Str+3} (You took it off a vampire mage on level 2 of the Depths)
 69624 | Depths:2 | Found a one-way gate to the infinite horrors of the Abyss.
 71923 | Depths:3 | Noticed a caustic shrike
 71937 | Depths:3 | Killed a caustic shrike
 71937 | Depths:3 | Reached XP level 26. HP: 164/164 MP: 25/46
 73256 | Depths:4 | Noticed Saint Roka
 73260 | Depths:4 | Killed Saint Roka
 73582 | Depths:5 | Entered Level 5 of the Depths
 73869 | Depths:5 | Noticed a juggernaut
 73872 | Depths:5 | Killed a juggernaut
 74645 | Depths:5 | Found a gate to the Realm of Zot.
 75069 | Depths:5 | Reached XP level 27. HP: 169/169 MP: 18/47
 75783 | Vaults:5 | Entered Level 5 of the Vaults
 77682 | Vaults:5 | Noticed an ancient lich
 77688 | Vaults:5 | Killed an ancient lich
 78054 | Vaults:5 | Got a ring of the Octopus King
 78056 | Vaults:5 | Identified a ring of the Octopus King {rCorr AC+1 EV+1 Str+1 Int+1 Dex+1} (You took it off an ironheart preserver on level 5 of the Vaults)
 78124 | Vaults:5 | Got an ichor-stained cloak
 78135 | Vaults:5 | Identified the +3 cloak of Absence {+Fly Dex+3} (You found it on level 5 of the Vaults)
 78152 | Vaults:5 | Got a wavering silver ring
 78155 | Vaults:5 | Identified the ring "Iburhav" {*Tele Stlth+} (You found it on level 5 of the Vaults)
 78185 | Vaults:5 | Got a bloodstained short sword
 78186 | Vaults:5 | Identified the +7 short sword "Vonylera" {flame, Str+7 Dex-4 Stlth+} (You found it on level 5 of the Vaults)
 78297 | Vaults:5 | Got a silver rune of Zot
 79675 | Slime:1  | Entered Level 1 of the Pits of Slime
 80093 | Slime:5  | Entered Level 5 of the Pits of Slime
 80379 | Slime:5  | Noticed the Royal Jelly
 80387 | Slime:5  | Killed the Royal Jelly
 80836 | Slime:5  | Identified the +1 cloak of Unreason {rN+ MP+9 Int+3 Dex+2} (You found it on level 5 of the Pits of Slime)
 80853 | Slime:5  | Got a slimy rune of Zot
 81158 | Lair:1   | Upgraded the game from 0.22.0 to 0.22.0-2-ge58baed0e8
 81313 | Crypt:1  | Entered Level 1 of the Crypt
 81639 | Crypt:1  | Noticed Mara
 81645 | Crypt:1  | Noticed Mandevil's illusion
 82191 | Crypt:1  | Noticed Mandevil's illusion
 82191 | Crypt:1  | Killed Mara
 82910 | Crypt:2  | Noticed Bai Suzhen
 83237 | Crypt:2  | Learned a level 3 spell: Regeneration
 83241 | Crypt:2  | Learned a level 2 spell: Blink
 83248 | Crypt:2  | Learned a level 6 spell: Deflect Missiles
 83313 | Crypt:2  | Reached skill level 1 in Charms
 83612 | Crypt:2  | Noticed Mennas
 83615 | Crypt:2  | Killed Mennas
 84024 | Crypt:2  | Killed Bai Suzhen
 84274 | Crypt:3  | Entered Level 3 of the Crypt
 84873 | Crypt:3  | Found a staircase to the Tomb.
 85251 | Crypt:3  | Found an ancient bone altar of Kikubaaqudgha.
 85251 | Crypt:3  | Noticed an ancient lich
 85256 | Crypt:3  | Killed an ancient lich
 85579 | Crypt:3  | Noticed Xtahua
 85584 | Crypt:3  | Killed Xtahua
 85884 | Crypt:3  | Identified the Papyrus of Black Rites
 86742 | Zot:1    | Entered Level 1 of the Realm of Zot
 86974 | Zot:1    | Reached skill level 5 in Charms
 88963 | Zot:1    | Found a runed gate.
 88963 | Zot:1    | Found a runed gate.
 88963 | Zot:1    | Found a runed gate.
 88963 | Zot:1    | Noticed Menkoroxt's ghost (veteran DDFi)
 88965 | Zot:1    | Noticed an ancient lich
 88965 | Zot:1    | Noticed an ancient lich
 89459 | Zot:1    | Killed an ancient lich
 89461 | Zot:1    | Killed an ancient lich
 89483 | Zot:1    | Killed Menkoroxt's ghost
 89625 | Zot:1    | Got a glittering steel ring
 89635 | Zot:1    | Identified the ring of Gafapn {Wiz rF++ rC- Str+5} (You found it on level 1 of the Realm of Zot)
 94805 | Zot:5    | Entered Level 5 of the Realm of Zot
 94982 | Zot:5    | Noticed an ancient lich
 94986 | Zot:5    | Killed an ancient lich
 95458 | Zot:5    | Noticed an ancient lich
 95460 | Zot:5    | Killed an ancient lich
 95567 | Zot:5    | Noticed an orb of fire
 95721 | Zot:5    | Gained mutation: Armour fits poorly on your strangely shaped body. [an orb of fire]
 95725 | Zot:5    | Killed an orb of fire
 96158 | Zot:5    | Noticed an orb of fire
 96169 | Zot:5    | Killed an orb of fire
 96316 | Zot:5    | Noticed an ancient lich
 96320 | Zot:5    | Killed an ancient lich
 96463 | Zot:5    | Noticed an orb of fire
 96475 | Zot:5    | Killed an orb of fire
 96476 | Zot:5    | Noticed an orb of fire
 96479 | Zot:5    | Gained mutation: You are dopey. (Int -2) [an orb of fire]
 96483 | Zot:5    | Killed an orb of fire
 96483 | Zot:5    | Reached skill level 10 in Evocations
 96595 | Zot:5    | Noticed an ancient lich
 96601 | Zot:5    | Killed an ancient lich
 96701 | Zot:5    | Noticed an orb of fire
 96705 | Zot:5    | Killed an orb of fire
 96740 | Zot:5    | Noticed an orb of fire
 96741 | Zot:5    | Gained mutation: You are frail. (-10% HP) [an orb of fire]
 96744 | Zot:5    | Killed an orb of fire
 96915 | Zot:5    | Noticed an orb of fire
 96930 | Zot:5    | Killed an orb of fire
 97292 | Zot:5    | Noticed an orb of fire
 97302 | Zot:5    | Killed an orb of fire
 97550 | Zot:5    | Noticed an orb of fire
 97582 | Zot:5    | Killed an orb of fire
 97636 | Zot:5    | Noticed an orb of fire
 97640 | Zot:5    | Killed an orb of fire
 97738 | Zot:5    | Noticed an orb of fire
 97739 | Zot:5    | Gained mutation: Your magical capacity is low. (-10% MP) [an orb of fire]
 97742 | Zot:5    | Gained mutation: You are very frail. (-20% HP) [an orb of fire]
 97748 | Zot:5    | Killed an orb of fire
 97749 | Zot:5    | Lost mutation: You are dopey. (Int -2) [potion of mutation]
 97749 | Zot:5    | Lost mutation: Armour fits poorly on your strangely shaped body. [potion of mutation]
 97749 | Zot:5    | Lost mutation: You are very frail. (-20% HP) [potion of mutation]
 97749 | Zot:5    | Gained mutation: You expend magic power (3 MP) to strengthen your wands. [potion of mutation]
 97749 | Zot:5    | Gained mutation: You are agile. (Dex +2) [potion of mutation]
 97990 | Zot:5    | TO BE CONTINUED
 98132 | Zot:5    | Noticed an orb of fire
 98137 | Zot:5    | Gained mutation: You are dopey. (Int -2) [an orb of fire]
 98137 | Zot:5    | Gained mutation: You evolve. [an orb of fire]
 98139 | Zot:5    | Killed an orb of fire
 98205 | Zot:5    | Lost mutation: You are agile. (Dex +2) [potion of mutation]
 98205 | Zot:5    | Lost mutation: You are frail. (-10% HP) [potion of mutation]
 98205 | Zot:5    | Lost mutation: You expend magic power (3 MP) to strengthen your wands. [potion of mutation]
 98205 | Zot:5    | Lost mutation: Your magical capacity is low. (-10% MP) [potion of mutation]
 98205 | Zot:5    | Lost mutation: You are dopey. (Int -2) [potion of mutation]
 98205 | Zot:5    | Gained mutation: You have a pair of small horns on your head. [potion of mutation]
 98220 | Zot:5    | Got the Orb of Zot
 98441 | Depths:5 | Noticed Jaty the pandemonium lord
 98727 | D:12     | Noticed Snorg
 98731 | D:12     | Killed Snorg
 99018 | D:$      | Escaped with the Orb!

Skill      XL: |  1  2  3  4  5  6  7  8  9 10 11 12 13 14 15 16 17 18 19 20 21 22 23 24 25 26 27 |
---------------+----------------------------------------------------------------------------------+-----
Spellcasting   | 3 4 5 7 8 11 12 13 15 16 17 18 19 20 25 | 25.8
Short Blades   | 1 2 3 4 8 12 13 14 | 14.0
Conjurations   | 5 6 7 8 10 12 13 15 16 17 18 19 20 26 | 26.0
Stealth        | 3 4 6 9 |  9.0
Fighting       | 2 3 6 9 12 14 15 16 | 16.4
Dodging        | 3 5 6 9 |  9.0
Translocations | 3 4 6 |  6.0
Earth Magic    | 3 6 |  6.0
Air Magic      | 3 |  3.0
Ice Magic      | 3 |  3.2
Shields        | 5 |  5.6
Fire Magic     | 5 8 13 16 19 21 26 | 26.7
Evocations     | 5 6 12 | 12.7
Charms         | 6 |  6.0

Action                   |  1- 3 |  4- 6 |  7- 9 | 10-12 | 13-15 | 16-18 | 19-21 | 22-24 | 25-27 || total
-------------------------+-------+-------+-------+-------+-------+-------+-------+-------+-------++-------
Melee: Hand axe          |    43 |       |       |       |       |       |       |       |       ||    43
       Unarmed           |     1 |       |       |       |       |       |       |       |       ||     1
       Short sword       |     4 |   114 |   166 |   326 |   461 |   242 |       |       |       ||  1313
       Rapier            |       |       |       |       |       |   197 |   443 |   342 |   403 ||  1385
       Headbutt          |       |       |       |       |       |       |       |       |     3 ||     3
 Cast: Magic Dart        |    22 |    16 |    10 |    43 |    21 |       |       |       |       ||   112
       Searing Ray       |     2 |    11 |    21 |    67 |    28 |     7 |       |       |       ||   136
       Iskenderun's Myst |       |       |    15 |    40 |   155 |   127 |   114 |    52 |    39 ||   542
       Conjure Flame     |       |       |       |    17 |    37 |       |     2 |       |       ||    56
       Force Lance       |       |       |       |     5 |    65 |    40 |    30 |    35 |    80 ||   255
       Stone Arrow       |       |       |       |    14 |   142 |    48 |       |       |       ||   204
       Lightning Bolt    |       |       |       |     4 |       |     5 |     4 |    25 |       ||    38
       Dazzling Spray    |       |       |       |     2 |    14 |     1 |     3 |       |       ||    20
       Orb of Destructio |       |       |       |       |    46 |   165 |   146 |    36 |   306 ||   699
       Irradiate         |       |       |       |       |     8 |    10 |    22 |     6 |    11 ||    57
       Freezing Cloud    |       |       |       |       |       |    23 |    37 |     4 |     3 ||    67
       Iron Shot         |       |       |       |       |       |    43 |   103 |   131 |   311 ||   588
       Ignition          |       |       |       |       |       |       |       |    66 |   168 ||   234
       Fire Storm        |       |       |       |       |       |       |       |    39 |   251 ||   290
       Regeneration      |       |       |       |       |       |       |       |       |    20 ||    20
       Blink             |       |       |       |       |       |       |       |       |     8 ||     8
       Deflect Missiles  |       |       |       |       |       |       |       |       |     3 ||     3
Evoke: Wand              |       |       |       |     7 |     4 |     2 |     7 |       |    16 ||    36
       Box of beasts     |       |       |       |       |       |     1 |       |       |     2 ||     3
  Use: Scroll            |       |     6 |    17 |     8 |    11 |    10 |    11 |    20 |    11 ||    94
       Potion            |       |       |     3 |     4 |       |     1 |     3 |       |     5 ||    16
 Stab: Sleeping          |     8 |    15 |    10 |    17 |    21 |    13 |     7 |    14 |     2 ||   107
       Distracted        |       |     1 |       |       |       |       |     3 |       |     1 ||     5
       Invisible         |       |       |     1 |       |     2 |       |       |       |       ||     3
  Eat: Chunk             |    11 |     8 |    15 |    29 |    59 |    91 |    49 |    59 |   116 ||   437
       Ration            |       |       |       |       |       |       |     8 |       |     7 ||    15
Armor: Robe              |     8 |       |       |    68 |    79 |    29 |    27 |    38 |    90 ||   339
       Leather armour    |       |    14 |    27 |    22 |       |       |    10 |       |       ||    73
       Skin              |       |       |    33 |       |       |       |       |       |       ||    33
       Ring mail         |       |       |       |       |       |    63 |    17 |       |       ||    80
Dodge: Dodged            |    27 |    80 |   138 |   254 |   404 |   384 |   320 |   214 |   375 ||  2196
       Deflected         |       |       |       |       |       |       |       |       |    18 ||    18
Block: Other             |       |       |       |    13 |       |       |       |       |       ||    13
       Reflection        |       |       |       |     1 |       |       |       |       |       ||     1
       Buckler           |       |       |       |       |       |    98 |   141 |    73 |   121 ||   433
